[Event "Titled Tuesday Blitz April 11 Early 2023"]
[White "Kuzubov, Yuriy"]
[Black "Fishchuk, Vladyslav"]
[WhiteFideId "14112906"]
[BlackFideId "34122117"]
[WhiteElo "2496"]
[BlackElo "2082"]
[Result "1-0"]
[Round "07"]
[TimeControl "180+2"]
[Date "2023.04.11"]
[WhiteClock "0:00:21"]
[BlackClock "0:00:03"]

1. d4 Nf6 2. c4 e6 3. Nc3 Bb4 4. Qc2 O-O 5. a3 Bxc3+ 6. Qxc3 d5 7. Nf3 dxc4 8. Qxc4 b6 9. Bg5 Nbd7 10. Rd1 h6 11. Bh4 Bb7 12. Ne5 Bd5 13. Qc1 Qc8 14. Nc6 Qb7 15. Ne7+ Kh8 16. Nxd5 Qxd5 17. f3 Rac8 18. Bf2 Qb7 19. Qf4 c5 20. g4 Nd5 21. Qg3 Kg8 22. g5 h5 23. e4 Ne7 24. Bb5 Ng6 25. O-O cxd4 26. Bxd4 Nc5 27. Be3 h4 28. Qf2 a6 29. Be2 Rfd8 30. Rxd8+ Rxd8 31. Rd1 Rxd1+ 32. Bxd1 Qc6 33. Qd2 Kh7 34. Be2 Qa4 35. Kf2 Qb3 36. Bd4 Qa4 37. Bc3 Qc6 38. Qd4 e5 39. Qd5 Qc8 40. Bxe5 Qh3 41. Bc7 Ne6 42. Bb8 b5 43. Qf5 Qxf5 44. exf5 1-0


[Site "https://www.chess.com"]

[Event "Titled Tuesday Blitz April 11 Early 2023"]
[White "Keymer, Vincent"]
[Black "Yuan, Qingyu"]
[WhiteFideId "12940690"]
[BlackFideId "8609772"]
[WhiteElo "2651"]
[BlackElo "2359"]
[Result "0-1"]
[Round "07"]
[TimeControl "180+2"]
[Date "2023.04.11"]
[WhiteClock "0:00:01"]
[BlackClock "0:00:23"]

1. a3 d5 2. Nf3 Nf6 3. e3 g6 4. c4 c6 5. b4 Bg7 6. Bb2 O-O 7. h3 a5 8. b5 cxb5 9. cxb5 Nbd7 10. Be2 Nb6 11. O-O Bf5 12. Bd4 Nc4 13. Nc3 Rc8 14. Qb3 Ne4 15. Bxg7 Kxg7 16. Nxe4 Bxe4 17. d3 Bxf3 18. Bxf3 Nb6 19. Rac1 Qd6 20. e4 d4 21. e5 Qd7 22. Rfe1 Rxc1 23. Rxc1 Rc8 24. Rxc8 Qxc8 25. Qd1 a4 26. Qe2 Qc1+ 27. Kh2 Qxa3 28. Bxb7 Qc5 29. e6 f6 30. Qa2 a3 0-1


[Site "https://www.chess.com"]

[Event "Titled Tuesday Blitz April 11 Early 2023"]
[White "Kamsky, Gata"]
[Black "Iliaguev, Nisim"]
[WhiteFideId "2000024"]
[BlackFideId "2817276"]
[WhiteElo "2660"]
[BlackElo "2241"]
[Result "1-0"]
[Round "07"]
[TimeControl "180+2"]
[Date "2023.04.11"]
[WhiteClock "0:02:25"]
[BlackClock "0:02:26"]

1. d4 Nf6 2. Nf3 e6 3. Bf4 c5 4. c3 cxd4 5. cxd4 Bb4+ 6. Nbd2 O-O 7. a3 Ba5 8. e3 Nc6 9. Bd3 d5 10. O-O h6 11. Rc1 Bd7 12. b4 Bc7 13. Bxc7 Qxc7 14. b5 Qa5 15. bxc6 Bxc6 16. Qb3 Rac8 17. Qb4 Qd8 18. Ne5 1-0


[Site "https://www.chess.com"]

[Event "Titled Tuesday Blitz April 11 Early 2023"]
[White "Rosen, Eric"]
[Black "Bharath Subramaniyam H"]
[WhiteFideId "2032562"]
[BlackFideId "46634827"]
[WhiteElo "2331"]
[BlackElo "2395"]
[Result "1-0"]
[Round "07"]
[TimeControl "180+2"]
[Date "2023.04.11"]
[WhiteClock "0:01:16"]
[BlackClock "0:01:09"]

1. d4 Nf6 2. Bf4 b6 3. Nf3 Bb7 4. c4 g6 5. Nc3 Bg7 6. Qc2 O-O 7. e4 d6 8. Rd1 Nbd7 9. Be2 c5 10. d5 Ng4 11. h3 Nge5 12. Nd2 e6 13. O-O exd5 14. cxd5 a6 15. a4 Rc8 16. b3 Qe7 17. Bg3 g5 18. Rb1 Rcd8 19. Nc4 Nxc4 20. bxc4 f5 21. exf5 Bxc3 22. Qxc3 Qxe2 23. Bxd6 Rf7 24. Rfe1 Qh5 25. g4 Qh6 26. Re6 Qg7 27. Qe3 h5 28. Rg6 1-0


[Site "https://www.chess.com"]

[Event "Titled Tuesday Blitz April 11 Early 2023"]
[White "Andreikin, Dmitry"]
[Black "Gabrielian, Artur"]
[WhiteFideId "4158814"]
[BlackFideId "4131002"]
[WhiteElo "2736"]
[BlackElo "2432"]
[Result "1-0"]
[Round "07"]
[TimeControl "180+2"]
[Date "2023.04.11"]
[WhiteClock "0:00:33"]
[BlackClock "0:00:01"]

1. d4 Nf6 2. c4 e6 3. Nf3 d5 4. h3 Be7 5. cxd5 exd5 6. Nc3 O-O 7. Bf4 Bf5 8. g4 Bg6 9. Ne5 c5 10. e3 cxd4 11. exd4 Qb6 12. Bg2 Qxb2 13. Nxd5 Nxd5 14. Bxd5 Rd8 15. Nxg6 hxg6 16. Rb1 Qc3+ 17. Bd2 Qxd4 18. Bxb7 Bc5 19. O-O Qe5 20. Bf4 Qe7 21. Qf3 g5 22. Bg3 1-0


[Site "https://www.chess.com"]

[Event "Titled Tuesday Blitz April 11 Early 2023"]
[White "Vachier-Lagrave, Maxime"]
[Black "Shuvalov, Evgenij"]
[WhiteFideId "623539"]
[BlackFideId "4187237"]
[WhiteElo "2740"]
[BlackElo "2080"]
[Result "1-0"]
[Round "07"]
[TimeControl "180+2"]
[Date "2023.04.11"]
[WhiteClock "0:02:10"]
[BlackClock "0:00:16"]

1. e4 e6 2. Nc3 d5 3. d4 Bb4 4. Ne2 Nc6 5. e5 Nge7 6. a3 Ba5 7. b4 Bb6 8. Na4 f6 9. exf6 gxf6 10. Nxb6 axb6 11. Nf4 O-O 12. b5 Nxd4 13. Qxd4 e5 14. Qb4 exf4 15. Bd3 Bf5 16. Bxf4 Bxd3 17. cxd3 Ng6 18. O-O c5 19. bxc6 bxc6 20. Bh6 Rf7 21. Rfe1 c5 22. Qb5 Ne5 23. Re3 Kh8 24. Bf4 Ng6 25. Bg3 f5 26. Be5+ Nxe5 27. Rxe5 Qf6 28. Rae1 Rxa3 29. h3 Kg7 30. Re6 Qd4 31. Qxb6 Ra1 32. Qd8 Rxe1+ 33. Rxe1 h6 34. Re8 Kh7 35. Qc8 c4 36. dxc4 dxc4 37. Qe6 Qf6 38. Qxc4 Rg7 39. Qd5 Qg6 40. Rf8 f4 41. Rxf4 Qb1+ 42. Kh2 Qg6 43. Qe4 Qxe4 44. Rxe4 Rf7 45. f3 Kg7 46. Kg3 Rc7 47. h4 Rc2 48. h5 Kf6 49. Rg4 Kf7 50. Rg6 Rc5 51. Rxh6 Kg7 52. Rg6+ Kh7 53. Kg4 Rc2 54. g3 Rc4+ 55. f4 Rc1 56. Rg5 Rg1 57. Re5 Kh6 58. Re6+ Kh7 59. Kh4 Rh1+ 60. Kg5 Rg1 61. g4 Kg8 62. f5 Kf7 63. h6 Rh1 64. Rg6 Rh2 65. Rg7+ Kf8 66. Kg6 Rh4 67. g5 Rh1 68. f6 Rh2 69. h7 Rh1 70. Rg8# 1-0


[Site "https://www.chess.com"]

[Event "Titled Tuesday Blitz April 11 Early 2023"]
[White "Svane, Rasmus"]
[Black "Zarubitski, Viachaslau"]
[WhiteFideId "4657101"]
[BlackFideId "13509373"]
[WhiteElo "2597"]
[BlackElo "2284"]
[Result "1-0"]
[Round "07"]
[TimeControl "180+2"]
[Date "2023.04.11"]
[WhiteClock "0:00:42"]
[BlackClock "0:00:06"]

1. Nf3 Nf6 2. g3 d5 3. Bg2 c6 4. O-O Bf5 5. c4 e6 6. Qb3 Qb6 7. d3 Nbd7 8. cxd5 cxd5 9. Qxb6 Nxb6 10. Nc3 Be7 11. Nh4 Bg4 12. h3 Bh5 13. g4 Bg6 14. f4 Nfd7 15. Nxg6 hxg6 16. Be3 Bc5 17. Bxc5 Nxc5 18. Rac1 Na6 19. e4 dxe4 20. dxe4 O-O-O 21. e5 Kb8 22. Ne4 Rd7 23. f5 gxf5 24. gxf5 Nc8 25. Rc3 Re8 26. f6 g6 27. a3 Red8 28. Rfc1 Nc7 29. Kh2 Nd5 30. Rb3 Nf4 31. Nc5 Rd2 32. Rxb7+ Ka8 33. Rb8+ Kxb8 34. Na6# 1-0


[Site "https://www.chess.com"]

[Event "Titled Tuesday Blitz April 11 Early 2023"]
[White "Belozerov, Andrei"]
[Black "Indjic, Aleksandar"]
[WhiteFideId "4120213"]
[BlackFideId "911925"]
[WhiteElo "2373"]
[BlackElo "2614"]
[Result "0-1"]
[Round "07"]
[TimeControl "180+2"]
[Date "2023.04.11"]
[WhiteClock "0:00:07"]
[BlackClock "0:00:17"]

1. e4 c5 2. Nf3 d6 3. Bb5+ Nd7 4. a4 Nf6 5. Nc3 a6 6. Be2 g6 7. a5 Bg7 8. O-O b5 9. axb6 Bb7 10. d3 O-O 11. Bg5 a5 12. Qd2 Nxb6 13. e5 dxe5 14. Nxe5 a4 15. Rfe1 Nfd5 16. Nxd5 Bxd5 17. Bf4 f6 18. Nf3 e5 19. Be3 Qc7 20. Qc1 f5 21. Bd2 Rfe8 22. Bc3 Nd7 23. Nd2 Qc6 24. Bf3 e4 25. dxe4 fxe4 26. Be2 Bxc3 27. bxc3 e3 28. Nf3 exf2+ 29. Kxf2 Nf6 30. Kg1 Be4 31. Qf4 Kg7 32. Bd3 Bxf3 33. gxf3 Rxe1+ 34. Rxe1 a3 35. Bc4 Re8 36. Rxe8 Qxe8 37. Qc7+ Qd7 38. Qe5 Qd1+ 39. Bf1 Qxf3 40. Qxc5 Ng4 41. Bg2 Qe3+ 42. Qxe3 Nxe3 43. Bd5 Nxd5 0-1


[Site "https://www.chess.com"]

[Event "Titled Tuesday Blitz April 11 Early 2023"]
[White "Grigoriants, Sergey"]
[Black "Megalios, Konstantinos"]
[WhiteFideId "4130804"]
[BlackFideId "4238044"]
[WhiteElo "2502"]
[BlackElo "2277"]
[Result "1-0"]
[Round "07"]
[TimeControl "180+2"]
[Date "2023.04.11"]
[WhiteClock "0:00:36"]
[BlackClock "0:00:08"]

1. d4 Nf6 2. c4 c5 3. d5 b5 4. Qc2 g6 5. e4 d6 6. cxb5 a6 7. Nc3 Bg7 8. Nf3 O-O 9. h3 Qa5 10. Bd2 Bd7 11. Be2 axb5 12. Nxb5 Qb6 13. a4 Na6 14. O-O Rfb8 15. Bc3 Nc7 16. Nxc7 Qxc7 17. Nd2 Nh5 18. Bxh5 gxh5 19. Bxg7 Kxg7 20. b3 Rb4 21. Rae1 Rg8 22. Re3 Kf8 23. Nc4 Bc8 24. e5 Rg6 25. exd6 exd6 26. Rfe1 Ba6 27. Qc3 Rb8 28. Qh8+ Rg8 29. Qxh7 Bxc4 30. Qh6+ Rg7 31. bxc4 Qd7 32. Qh8+ Rg8 33. Qxh5 Rb4 34. Qh6+ Rg7 35. Re8+ Qxe8 36. Qh8+ 1-0


[Site "https://www.chess.com"]

[Event "Titled Tuesday Blitz April 11 Early 2023"]
[White "Samadov, Read"]
[Black "Darini, Pouria"]
[WhiteFideId "13417444"]
[BlackFideId "12502200"]
[WhiteElo "2355"]
[BlackElo "2482"]
[Result "1/2-1/2"]
[Round "07"]
[TimeControl "180+2"]
[Date "2023.04.11"]
[WhiteClock "0:00:04"]
[BlackClock "0:00:04"]

1. d4 Nf6 2. c4 g6 3. Nc3 d5 4. cxd5 Nxd5 5. e4 Nxc3 6. bxc3 Bg7 7. Bc4 c5 8. Ne2 O-O 9. Be3 Nc6 10. O-O b6 11. h4 Bb7 12. h5 cxd4 13. cxd4 Rc8 14. Rc1 Na5 15. Bd3 Rxc1 16. Qxc1 Qd7 17. h6 Rc8 18. Qb1 Bf8 19. d5 Nc4 20. Bf4 e6 21. dxe6 Qxe6 22. Ng3 Ne5 23. Be2 Ng4 24. Rc1 Nxh6 25. Rxc8 Qxc8 26. Qb3 Ng4 27. Bc4 Qd7 28. f3 Bc5+ 29. Kf1 Qd4 30. Ke2 Qf2+ 31. Kd1 Ne3+ 32. Bxe3 Bxe3 33. Nf1 Bc5 34. Bxf7+ Kg7 35. Bc4 Qxg2 36. Qc3+ Kh6 37. Qf6 Qg5 38. Qf7 Bc6 39. Nd2 Ba4+ 40. Bb3 Bxb3+ 41. Nxb3 Be7 42. Kc2 Qe5 43. Kd3 Bf6 44. Ke2 Qh2+ 45. Kd3 Qf4 46. Nd2 Bg5 47. Qxf4 Bxf4 48. Nc4 Bc7 49. e5 Kg5 50. Ke4 h5 51. f4+ Kh6 52. f5 gxf5+ 53. Kxf5 h4 54. Kg4 h3 55. Kxh3 Kg5 56. Kg3 Kf5 57. Kf3 b5 58. Nd2 Kxe5 59. Ke3 Ba5 60. Nb3 Bb6+ 61. Kd3 Kd5 62. Nd2 Bd4 63. Ne4 Be5 64. Nd2 Kc5 65. Nb3+ Kb4 66. Kc2 Ka3 67. Kb1 Bc3 68. Nc5 Kb4 69. Nd3+ Kc4 70. Kc2 a5 71. Nc1 Bd4 72. Nb3 Bb6 73. Nd2+ Kb4 74. Kb2 Be3 75. Ne4 Bd4+ 76. Kb1 Bc3 77. Kc2 Be1 78. Nf6 Kc4 79. Ne4 Kd5 80. Ng5 Bb4 81. Nf3 Ke4 82. Nh4 Be7 83. Ng2 Bb4 84. Nh4 Kf4 85. Ng2+ Kf3 86. Nh4+ Kg4 87. Ng6 Bd6 88. Nh8 Kf5 89. Nf7 Be7 90. Kd3 Kf6 91. Nh6 Kg5 92. Nf7+ Kf6 93. Nh6 Ke6 94. Ng4 Bc5 95. Nh2 Kd5 96. Nf3 Bb6 97. Nd2 Kc5 98. Kc3 Bd8 99. Nb3+ Kd5 100. Kd3 a4 101. Nd4 b4 102. Nc2 Be7 103. Ne3+ Kc5 104. Nf5 Bf6 105. Ng3 Be5 106. Ne4+ Kd5 107. Nd2 Bf4 108. Nc4 Kc5 109. Nb2 Kb5 110. Nd1 Bg5 111. Nf2 Bf6 112. Ne4 b3 113. a3 Bb2 114. Nd6+ Kc5 115. Nc4 Bc1 116. Kc3 Bf4 117. Kd3 Bg5 118. Nb2 Kb5 119. Nc4 Bf4 120. Nb2 Bd6 121. Nc4 Be7 122. Kc3 Bf8 123. Kd3 Be7 124. Kc3 Kc5 125. Kd3 Bf6 126. Nd2 Bb2 127. Nc4 Ba1 128. Nd2 Kd5 129. Nc4 Bd4 130. Nd2 Bc5 131. Nc4 Kc6 132. Kc3 Kb5 133. Kd3 Be7 1/2-1/2


[Site "https://www.chess.com"]

[Event "Titled Tuesday Blitz April 11 Early 2023"]
[White "Borgaonkar Akshay"]
[Black "Salinas Herrera, Pablo"]
[WhiteFideId "25639110"]
[BlackFideId "3407128"]
[WhiteElo "2063"]
[BlackElo "2546"]
[Result "1-0"]
[Round "07"]
[TimeControl "180+2"]
[Date "2023.04.11"]
[WhiteClock "0:01:04"]
[BlackClock "0:00:29"]

1. e4 c5 2. Nf3 e6 3. d4 cxd4 4. Nxd4 a6 5. Nc3 Qc7 6. g3 d6 7. Bg2 Nf6 8. O-O Be7 9. Be3 O-O 10. f4 Nc6 11. Nxc6 bxc6 12. g4 d5 13. e5 Nd7 14. g5 Rb8 15. Rb1 Rd8 16. Qh5 g6 17. Qh4 Bf8 18. Rf3 Bg7 19. Rh3 h5 20. gxh6 Bf8 21. Ne2 c5 22. Bf2 Re8 23. Kh1 Kh7 24. b3 a5 25. a4 Rxb3 26. Rhxb3 Qc6 27. c4 Qxa4 28. cxd5 c4 29. R3b2 Qa3 30. dxe6 Rxe6 31. Bd5 Re7 32. Qg3 1-0


[Site "https://www.chess.com"]

[Event "Titled Tuesday Blitz April 11 Early 2023"]
[White "Williams, Simon K"]
[Black "Ashraf, Artin"]
[WhiteFideId "404454"]
[BlackFideId "22514805"]
[WhiteElo "2468"]
[BlackElo "2188"]
[Result "0-1"]
[Round "07"]
[TimeControl "180+2"]
[Date "2023.04.11"]
[WhiteClock "0:00:06"]
[BlackClock "0:00:05"]

1. e4 c5 2. Be2 e6 3. d3 d5 4. f4 Nc6 5. Nf3 Nf6 6. e5 Ng8 7. c3 Nge7 8. d4 Nf5 9. Bd3 Nh4 10. Nxh4 Qxh4+ 11. g3 Qd8 12. Be3 Qb6 13. Qb3 Qa5 14. Qb5 Qc7 15. Qa4 Bd7 16. Qc2 Qb6 17. Qb3 Qa5 18. Qa3 Qxa3 19. Nxa3 c4 20. Be2 b5 21. Nc2 b4 22. a3 bxc3 23. bxc3 Na5 24. Bd1 Nb3 25. Rb1 a5 26. Bc1 Ba4 27. Rf1 g6 28. Ne3 Be7 29. Bxb3 cxb3 30. g4 Bb5 31. Rf3 a4 32. Ng2 h5 33. g5 Kd7 34. Bb2 Rhc8 35. Rc1 Rab8 36. Ne3 Bd3 37. Kd2 Be4 38. Rf2 Bxa3 39. Bxa3 b2 40. Rff1 bxc1=Q+ 41. Rxc1 Rb3 42. Bb4 a3 43. Ra1 Rb2+ 44. Kc1 Rxb4 0-1


[Site "https://www.chess.com"]

[Event "Titled Tuesday Blitz April 11 Early 2023"]
[White "Al-Tarboush, Ward"]
[Black "Timofeev, Artyom"]
[WhiteFideId "7601450"]
[BlackFideId "4140419"]
[WhiteElo "2265"]
[BlackElo "2586"]
[Result "0-1"]
[Round "07"]
[TimeControl "180+2"]
[Date "2023.04.11"]
[WhiteClock "0:00:04"]
[BlackClock "0:00:19"]

1. e4 e5 2. Nf3 Nf6 3. Nxe5 d6 4. Nf3 Nxe4 5. d4 d5 6. Bd3 Be7 7. O-O O-O 8. Re1 Nf6 9. Ne5 c5 10. dxc5 Bxc5 11. Bg5 h6 12. Bh4 Qb6 13. Nd2 Nbd7 14. Nxd7 Bxd7 15. Qf3 Bg4 16. Qf4 Bd6 17. Qa4 Bd7 18. Qb3 Qxb3 19. axb3 Nh5 20. Bg3 Nxg3 21. hxg3 a6 22. Nf3 Rfe8 23. Nd4 g6 24. c3 Kg7 25. b4 Be5 26. Nf3 Bf6 27. Kf1 h5 28. Rxe8 Rxe8 29. Re1 Rd8 30. Bb1 Bb5+ 31. Kg1 d4 32. Rd1 dxc3 33. Rxd8 Bxd8 34. bxc3 Bf6 35. Nd4 Bxd4 36. cxd4 b6 37. f4 Bc4 38. Kf2 a5 39. bxa5 bxa5 40. Bc2 Bd5 41. Ba4 Kf6 42. g4 hxg4 43. g3 Ke7 44. Ke3 Kf6 45. Bb5 Ke6 46. Kd3 Kd6 47. Kc3 f6 48. Be2 f5 49. Bb5 Ke7 50. Ba4 Kf6 51. Kd3 g5 52. Ke3 Bc4 53. Bc2 Bb5 54. Bb3 a4 55. Ba2 a3 56. d5 Bd7 57. d6 gxf4+ 58. Kxf4 Be6 59. Bb1 Kf7 60. Ke5 Ke8 61. Kf4 Kd8 62. Ke5 Kd7 63. Kd4 Kxd6 64. Kc3 a2 0-1


[Site "https://www.chess.com"]

[Event "Titled Tuesday Blitz April 11 Early 2023"]
[White "Flores, Diego"]
[Black "Piesik, Piotr"]
[WhiteFideId "108049"]
[BlackFideId "1136194"]
[WhiteElo "2613"]
[BlackElo "2299"]
[Result "1-0"]
[Round "07"]
[TimeControl "180+2"]
[Date "2023.04.11"]
[WhiteClock "0:00:11"]
[BlackClock "0:00:06"]

1. c4 g6 2. Nc3 Bg7 3. g3 Nc6 4. Bg2 d6 5. e3 e5 6. Nge2 Nge7 7. d3 O-O 8. O-O Be6 9. Nd5 f5 10. f4 Qd7 11. Rb1 a5 12. Nec3 Nb4 13. Nxe7+ Qxe7 14. Bxb7 Rab8 15. Bg2 e4 16. dxe4 Bxc4 17. exf5 Bxf1 18. Qxf1 Kh8 19. a3 Nc2 20. Nd5 Qf7 21. Qe2 Nxa3 22. Ra1 Nb5 23. Rxa5 c6 24. f6 Bh6 25. Ne7 Qxf6 26. Nxc6 Ra8 27. Rxa8 Rxa8 28. Qxb5 Bg7 29. Bd2 Qe6 30. Kf2 h5 31. Nd4 Qg4 32. Bxa8 1-0


[Site "https://www.chess.com"]

[Event "Titled Tuesday Blitz April 11 Early 2023"]
[White "Vlassov, Nikolai"]
[Black "Zemlyanskii, Ivan"]
[WhiteFideId "4103360"]
[BlackFideId "24249971"]
[WhiteElo "2324"]
[BlackElo "2419"]
[Result "0-1"]
[Round "07"]
[TimeControl "180+2"]
[Date "2023.04.11"]
[WhiteClock "0:00:21"]
[BlackClock "0:00:39"]

1. e4 Nc6 2. d4 d5 3. exd5 Qxd5 4. Nf3 Bg4 5. Be2 O-O-O 6. Be3 e5 7. c4 Qa5+ 8. Bd2 Bb4 9. d5 e4 10. Ng5 Bxe2 11. Qxe2 Nd4 12. Qxe4 Bxd2+ 13. Nxd2 Nb3 14. Rd1 Nxd2 15. Rxd2 Nf6 16. Qf5+ Kb8 17. b3 Qc3 18. Qc2 Qe5+ 19. Re2 Qxg5 20. O-O Rhe8 21. Rfe1 Rxe2 22. Rxe2 Re8 23. Rxe8+ Nxe8 24. g3 g6 25. h4 Qe7 26. c5 Nf6 27. Qc4 Qe1+ 28. Kg2 Qe4+ 29. Qxe4 Nxe4 30. b4 Nc3 0-1


[Site "https://www.chess.com"]

[Event "Titled Tuesday Blitz April 11 Early 2023"]
[White "Galchenko, Matvey"]
[Black "Hua, Lefong"]
[WhiteFideId "24175480"]
[BlackFideId "2602253"]
[WhiteElo "2423"]
[BlackElo "2615"]
[Result "1/2-1/2"]
[Round "07"]
[TimeControl "180+2"]
[Date "2023.04.11"]
[WhiteClock "0:00:14"]
[BlackClock "0:00:16"]

1. f4 c5 2. Nf3 g6 3. g3 Bg7 4. Bg2 Nc6 5. O-O Nf6 6. d3 O-O 7. e4 d6 8. Nc3 Bg4 9. h3 Bxf3 10. Qxf3 Nd4 11. Qf2 Nd7 12. g4 Rb8 13. a4 b6 14. h4 a6 15. g5 b5 16. axb5 axb5 17. h5 b4 18. Nd1 e6 19. Ne3 Nb6 20. Bd2 d5 21. f5 exf5 22. exf5 Qxg5 23. Nxd5 Qxh5 24. Ne7+ Kh8 25. Rae1 Nxc2 26. f6 Bh6 27. Bxh6 Qxh6 28. Qxc2 Nd7 29. Rf3 Qg5 30. Qf2 Rb6 31. Rf1 Ne5 32. Rg3 Qh4 33. Qf4 Qxf4 34. Rxf4 Nd7 35. Nd5 Rd6 36. Rh3 Re8 37. Kf2 h5 38. Be4 Ne5 39. Rfh4 Kg8 40. Rg3 Ng4+ 41. Rgxg4 hxg4 42. Rxg4 Ree6 43. Ke3 Kf8 44. Kd2 Ke8 45. Kc2 Re5 46. Ne3 Rxf6 47. Kb3 Rf2 48. Nc4 Re6 49. Rg1 f5 50. Bd5 Rf6 51. Ka4 f4 52. Kb5 f3 53. Kxc5 Rc2 54. Rf1 f2 55. Kxb4 Re2 56. Kc3 Re1 57. Bg2 g5 58. Nd2 g4 59. Ne4 Rf4 60. Rxf2 Rexe4 61. Rd2 Re3 62. Bc6+ Ke7 63. b4 g3 64. b5 Rf2 65. Rd1 Kd6 66. Rg1 Kc5 67. Rc1 g2 68. Rg1 Rg3 69. Kb3 Kb6 70. Kc4 Rf1 71. Rxg2 Rc1+ 72. Kd4 Rxg2 73. Bxg2 Kxb5 74. Bd5 Kb6 75. Bc4 Kc7 76. Kc5 Rg1 77. d4 Rg5+ 78. d5 Rf5 79. Bd3 Rf6 80. Bb5 Rh6 81. Bc6 Rh2 82. d6+ Kd8 83. Bb5 Rc2+ 84. Kd5 Rd2+ 85. Kc6 Rd1 86. Ba4 Rc1+ 87. Kd5 Ra1 88. Bb5 Ra5 89. Kc6 Ra3 90. Kd5 Rg3 91. Kc5 Rg5+ 92. Kc6 Rf5 93. Ba4 Re5 94. Bb5 Re4 95. Kd5 Rb4 96. Kc5 Rb2 97. Kc6 Rc2+ 98. Kd5 Rd2+ 99. Kc6 Rd1 100. Kc5 Rb1 101. Ba4 Rg1 102. Bb5 Rg5+ 103. Kc6 Rg6 104. Kc5 Rh6 105. Kc6 Rh5 106. Ba4 Rg5 107. Bb5 1/2-1/2


[Site "https://www.chess.com"]

[Event "Titled Tuesday Blitz April 11 Early 2023"]
[White "Ozates, Tuna"]
[Black "Harsh Suresh"]
[WhiteFideId "6354521"]
[BlackFideId "45018464"]
[WhiteElo "2151"]
[BlackElo "2227"]
[Result "0-1"]
[Round "07"]
[TimeControl "180+2"]
[Date "2023.04.11"]
[WhiteClock "0:00:27"]
[BlackClock "0:00:39"]

1. e4 g6 2. d4 Nf6 3. Nc3 d5 4. exd5 Nxd5 5. Nxd5 Qxd5 6. c4 Qd8 7. h3 Bg7 8. Nf3 O-O 9. Be2 c5 10. d5 e6 11. O-O exd5 12. cxd5 b6 13. a4 Bb7 14. Bc4 Na6 15. Re1 Nb4 16. Bg5 Bf6 17. Bxf6 Qxf6 18. Ne5 Rad8 19. Ra3 Bxd5 20. Bxd5 Rxd5 21. Qe2 h5 22. Re3 Qf5 23. g4 hxg4 24. hxg4 Qc2 25. Qf3 Rxe5 26. Rxe5 Nd3 27. Qf6 Qxb2 28. R1e2 Qa1+ 29. Kg2 Nxe5 30. Rxe5 Qxa4 31. Rg5 Qe4+ 32. f3 Qc2+ 33. Kg3 c4 34. Rd5 Qe2 35. Kf4 Qe6 36. Qd4 c3 37. Kg5 c2 0-1


[Site "https://www.chess.com"]

[Event "Titled Tuesday Blitz April 11 Early 2023"]
[White "Ibadov, Dashgyn"]
[Black "Mahdavi, Reza"]
[WhiteFideId "24107514"]
[BlackFideId "12595926"]
[WhiteElo "2208"]
[BlackElo "2357"]
[Result "0-1"]
[Round "07"]
[TimeControl "180+2"]
[Date "2023.04.11"]
[WhiteClock "0:00:02"]
[BlackClock "0:01:19"]

1. e4 c5 2. Nf3 e6 3. d4 cxd4 4. Nxd4 Nc6 5. Nc3 Qc7 6. Be3 a6 7. Qf3 Nf6 8. Nxc6 bxc6 9. Qg3 Qxg3 10. hxg3 d5 11. exd5 cxd5 12. O-O-O Bd7 13. f3 Bb4 14. Bd4 Ke7 15. g4 h6 16. Bd3 Rhc8 17. Ne2 Bd6 18. Nc3 a5 19. Rde1 Rab8 20. a3 Bf4+ 21. Kb1 Bd2 22. Ka2 Bxe1 23. Rxe1 Bc6 24. f4 Nxg4 25. Bxg7 Rg8 26. Bd4 Nf6 27. Re2 Rg4 28. Bc5+ Kd7 29. f5 Ne4 30. fxe6+ Kxe6 31. b3 Rbg8 32. Nxe4 dxe4 33. g3 f5 34. Bf2 Bd5 35. Bb5 Rxg3 36. Bxg3 Rxg3 37. Rh2 Ke5 38. c4 Be6 39. c5 Rxb3 40. Bd7 Rh3+ 0-1


[Site "https://www.chess.com"]

[Event "Titled Tuesday Blitz April 11 Early 2023"]
[White "Mikhailovsky, Vladimir"]
[Black "Jain Kashish Manoj"]
[WhiteFideId "34105414"]
[BlackFideId "35081098"]
[WhiteElo "2275"]
[BlackElo "2191"]
[Result "0-1"]
[Round "07"]
[TimeControl "180+2"]
[Date "2023.04.11"]
[WhiteClock "0:00:01"]
[BlackClock "0:00:02"]

1. e4 c5 2. Nf3 d6 3. d4 cxd4 4. Nxd4 Nf6 5. Nc3 Nc6 6. f3 e5 7. Nb3 Be6 8. g4 h6 9. g5 hxg5 10. Bxg5 Be7 11. Qd2 Nh5 12. Bxe7 Qxe7 13. O-O-O Rd8 14. Rg1 Kf8 15. Kb1 a6 16. Nd5 Bxd5 17. Qxd5 Nf4 18. Qd2 d5 19. Bd3 dxe4 20. fxe4 Nb4 21. Qe3 Nbxd3 22. cxd3 Rxh2 23. Rxg7 Rxb2+ 24. Kxb2 Kxg7 25. d4 Rh8 26. Qg3+ Ng6 27. d5 b6 28. Rg1 a5 29. Ka1 a4 30. Nd2 Rc8 31. Nf3 Kf8 32. Qh3 Qc5 33. Ng5 a3 34. Rb1 Qd4+ 0-1


[Site "https://www.chess.com"]

[Event "Titled Tuesday Blitz April 11 Early 2023"]
[White "Ilkhomi, Jaloliddin"]
[Black "Arias, Juan Cruz"]
[WhiteFideId "14700948"]
[BlackFideId "118540"]
[WhiteElo "2045"]
[BlackElo "2243"]
[Result "0-1"]
[Round "07"]
[TimeControl "180+2"]
[Date "2023.04.11"]
[WhiteClock "0:00:49"]
[BlackClock "0:00:09"]

1. Nf3 d5 2. c4 e6 3. g3 Nf6 4. Bg2 dxc4 5. Qa4+ Bd7 6. Qxc4 c5 7. Qc2 Nc6 8. O-O Rc8 9. a3 Be7 10. Nc3 O-O 11. Rd1 Qa5 12. d4 cxd4 13. Nxd4 Nxd4 14. Rxd4 Bc6 15. Bxc6 Rxc6 16. Bd2 Rfc8 17. Qb3 Qb6 18. Qxb6 Rxb6 19. b4 Rbc6 20. Rd3 a6 21. Rd1 Kf8 22. e4 Ke8 23. e5 Nd7 24. f4 Nb6 25. Ne4 Nd5 26. Be3 b6 27. Kf2 Rc2+ 28. Kf3 h5 29. f5 Rxh2 30. f6 gxf6 31. exf6 Nxf6 32. Nxf6+ Bxf6 33. Bxb6 Rc3 34. Rxc3 Bxc3 35. Rd8+ Ke7 36. Rd3 Be5 37. a4 Rb2 38. b5 axb5 39. a5 Ra2 40. Rb3 f5 41. Rxb5 Bd6 42. Be3 e5 43. Rb7+ Ke6 44. Bb6 Kd5 45. Bc7 Kc6 46. Bxd6 Kxb7 47. Bxe5 Kc6 48. Kf4 Rf2+ 49. Kg5 Kd5 50. Bf4 Ke4 51. Kxh5 Ra2 52. Bc7 Kd5 53. Kg5 Ke6 54. Bb6 Ra4 55. Kh5 Rg4 56. Bc7 Kf6 57. Bd6 Rg8 58. Bf4 Rh8+ 59. Bh6 Rh7 60. g4 fxg4 61. a6 g3 62. a7 Rxa7 63. Be3 Rg7 64. Kh4 g2 65. Bg1 Kf5 66. Kh3 Kf4 67. Kh2 Kf3 68. Bd4 Rh7+ 69. Kg1 Rh1# 0-1


[Site "https://www.chess.com"]

[Event "Titled Tuesday Blitz April 11 Early 2023"]
[White "Liyanage, Ranindu Dilshan"]
[Black "Filgueira, Hernan"]
[WhiteFideId "9915834"]
[BlackFideId "101770"]
[WhiteElo "2199"]
[BlackElo "2363"]
[Result "1-0"]
[Round "07"]
[TimeControl "180+2"]
[Date "2023.04.11"]
[WhiteClock "0:00:11"]
[BlackClock "0:00:16"]

1. e4 d6 2. d4 Nf6 3. Nc3 Nbd7 4. Nf3 e5 5. Bc4 Be7 6. a4 O-O 7. O-O c6 8. Ba2 a5 9. h3 h6 10. Re1 exd4 11. Nxd4 Nc5 12. Qf3 Ne6 13. Nf5 Ng5 14. Bxg5 hxg5 15. Rad1 Bxf5 16. Qxf5 Nd7 17. e5 d5 18. Nxd5 cxd5 19. Rxd5 Qb6 20. Rxd7 Rae8 21. Bb3 Qb4 22. Re4 Qb6 23. Rg4 g6 24. Qe4 Kg7 25. Rxb7 Qc5 26. Rg3 Rd8 27. Qe2 Rb8 28. Rxb8 Rxb8 29. Rc3 Qb4 30. Rc7 Rf8 31. Kh2 Bd8 32. Rc4 Qe7 33. g3 Bc7 34. Re4 Rd8 35. Re3 Bb6 36. Rf3 Rf8 37. e6 f5 38. Rd3 Rd8 39. Rxd8 Bxd8 40. Qe5+ Qf6 41. Qd5 Be7 42. Qxa5 Qxb2 43. Qc7 Kf6 44. Qc4 Qe5 45. Kg2 f4 46. gxf4 gxf4 47. Qd5 Qxd5+ 48. Bxd5 Bb4 49. Bb3 g5 50. Kf3 Bc5 51. Kg4 Bxf2 52. a5 Ba7 53. Bd5 Bb8 54. a6 Ba7 55. Kf3 Bc5 56. Ke4 Ke7 57. Kd3 Ba7 58. c4 Kd6 59. Ke4 Ke7 60. Kf5 Be3 61. Bf3 Ba7 62. Kxg5 Kxe6 63. Kxf4 Kf6 64. Bd5 Bb8+ 65. Kg4 Ba7 66. h4 Kg6 67. h5+ Kh6 68. Bf7 Kg7 69. Bg6 Kf6 70. Kf4 Bg1 71. Ke4 Ba7 72. Kd5 Ke7 73. Kc6 Kd8 74. Kb7 Be3 75. a7 Bxa7 76. Kxa7 Kc7 77. h6 Kc6 78. h7 Kc5 79. h8=Q 1-0


[Site "https://www.chess.com"]